 Dungeon Crawl Stone Soup version 0.22-a0-284-g99d1f7439c (webtiles) character file.

119327 Infinimo the Severer (level 16, -1/198 HPs)
             Began as a Demonspawn Berserker on Mar 21, 2018.
             Was the Champion of Trog.
             Succumbed to a sea snake's poison
             ... on level 1 of the Shoals.
             The game lasted 00:53:00 (27995 turns).

Infinimo the Severer (Demonspawn Berserker)        Turns: 27995, Time: 00:53:00

Health: -1/198     AC: 34    Str: 29    XL:     16   Next: 27%
Magic:  16/16      EV: 14    Int:  9    God:    Trog [******]
Gold:   1300       SH:  4    Dex: 18    Spells: 15/15 levels left

rFire    + . .     SeeInvis .   z - +2 battleaxe (elec)
rCold    . . .     Gourm    .   (shield currently unavailable)
rNeg     . . .     Faith    .   N - +2 plate armour {rF+}
rPois    +         Spirit   .   w - +2 hat {MR+}
rElec    .         Reflect  +   M - scarf {repulsion}
rCorr    .         Harm     .   t - +2 pair of gloves
MR       ++...                  (no boots)
Stlth    ..........             s - +4 amulet of reflection
HPRegen  0.43/turn              m - +5 ring of protection
MPRegen  0.15/turn              I - ring of poison resistance

@: agile, berserking, lethally poisoned (-1 -> -38), repel missiles, very quick
A: talons 2, iridescent scales 3, demonic guardian 2, powered by pain 2
a: Berserk, Trog's Hand, Brothers in Arms, Renounce Religion


You were on level 1 of the Shoals.
You worshipped Trog.
Trog was exalted by your worship.
You were hungry.

You visited 4 branches of the dungeon, and saw 24 of its levels.
You also visited: Labyrinth and Ice Cave.

You collected 2744 gold pieces.
You spent 1444 gold pieces at shops.

Inventory:

Hand Weapons
 z - a +2 battleaxe of electrocution (weapon)
 F - a +3 battleaxe of freezing
 H - a +5 antimagic battleaxe
 K - a +5 quick blade
 L - a +3 battleaxe of flaming
Armour
 t - a +2 pair of gloves (worn)
 w - a +2 hat of magic resistance (worn)
 M - a scarf of repulsion (worn)
 N - a +2 plate armour of fire resistance (worn)
Jewellery
 m - a +5 ring of protection (left hand)
 s - a +4 amulet of reflection (around neck)
 B - an uncursed ring of protection from magic {unknown}
 I - a ring of poison resistance (right hand)
Wands
 a - a wand of iceblast (23)
 x - a wand of acid (17)
 A - a wand of clouds (6)
Scrolls
 b - 3 scrolls of remove curse
 k - 2 scrolls of magic mapping
 p - 3 scrolls of enchant weapon
 v - 6 scrolls of teleportation
 y - a scroll of summoning
 E - a scroll of enchant armour
 G - a scroll of silence
 J - a scroll of identify
Potions
 d - 3 potions of haste
 e - 6 potions of cancellation
 f - 2 potions of invisibility
 g - 6 potions of heal wounds
 h - 5 potions of curing
 i - 4 potions of flight
 l - 3 potions of brilliance
 n - 3 potions of berserk rage
 o - 2 potions of ambrosia
 q - 2 potions of resistance
 r - 2 potions of agility
 u - 2 potions of might {unknown}
 C - 4 potions of mutation
 D - a potion of lignification
Comestibles
 c - 17 rations
 j - a chunk of flesh


   Skills:
 + Level 13.6 Fighting
 * Level 19.6 Axes
 + Level 12.5 Armour
 - Level 1.7 Dodging


You had 15 spell levels left.
You didn't know any spells.

Dungeon Overview and Level Annotations

Branches:
Dungeon (15/15) Temple (0/1) D:6 Lair (6/6) D:11 Shoals (1/4) Lair:3 Snake (0/4) Lair:3 Slime (0/5) Lair:6 Orc (2/2) D:12 Elf (0/3) Orc:2 Vaults (0/5) D:13 D:14 Depths (0/5) D:15

Altars:
Cheibriados
Dithmenos
Gozag
Hepliaklqana
Makhleb
Nemelex Xobeh
Okawaru
Qazlal
Ru
Uskayaw
Xom
Zin
The Shining One
Jiyva

Shops:
D:12 ?   Orc:1 !   Orc:2 ?[!}   Shoals:1 [(}

Portals:
Pandemonium: Orc:2


Innate Abilities, Weirdness & Mutations

You have razor-sharp toenails.
You are completely covered in iridescent scales. (AC +6)
A demonic guardian rushes to your aid.
You sometimes gain power by taking damage.


Message History

Your smoke demon gestures at the merfolk impaler.
The sticky flame hits the merfolk impaler.
The merfolk impaler is covered in liquid flames!
You are too berserk!
You are too berserk!
You kill the merfolk impaler!
Trog accepts your kill.
* * * LOW HITPOINT WARNING * * *
You feel sick.
Unknown command.
You carve the sea snake like a ham!!!
Lightning courses through the sea snake!
You feel the power of Trog in you as your rage grows.
You kill the sea snake!
Trog accepts your kill.
* * * LOW HITPOINT WARNING * * *
You feel sick.
You are too berserk!
You are too berserk!
You die...

...............≈≈≈≈≈≈≈..##
≈≈.....)........≈≈≈≈≈≈≈...
≈≈≈..............≈≈≈≈≈≈...
≈≈≈..............≈≈≈≈≈≈≈≈≈
≈≈...............≈≈≈≈≈≈≈≈≈
≈≈≈.............≈≈≈≈≈≈≈≈≈≈
≈≈≈≈............≈≈≈≈≈≈≈≈≈≈
≈≈≈≈≈.....?....≈≈≈≈≈≈≈≈≈≈≈
≈≈≈≈≈..♣$@.....≈≈ ≈.≈
≈≈≈≈♣.3.♣.....≈≈ ≈≈
≈.....♣)†.....≈≈
..............≈≈
.......[......≈≈
..............≈≈
..............≈≈
.............≈≈≈
...........≈≈≈


You could see a friendly smoke demon.

Vanquished Creatures
  Rupert (Lair:6)
  Gastronok (D:11)
  A kraken (Shoals:1)
  An orc warlord (Orc:2)
  Nessos (D:13)
  Azrael (D:14)
  A minotaur (Lab)
  A white draconian (IceCv)
  2 merfolk impalers (Shoals:1)
  A yaktaur captain (D:15)
  A hydra (Lair:6)
  2 catoblepae
  8 centaur warriors
  9 two-headed ogres
  An ogre mage (D:15)
  Urug (D:14)
  A tengu warrior (D:15)
  2 death yaks
  5 orc high priests
  4 sea snakes (Shoals:1)
  3 unseen horrors
  2 torturous demonspawn (Orc:2)
  An infernal demonspawn (Orc:2)
  A wizard (D:14)
  A lindwurm (Lair:6)
  A harpy (shapeshifter) (D:13)
  A necromancer (Lair:3)
  7 orc knights
  2 deep elf magi (D:12)
  2 oklob plants
  5 orc sorcerers (Orc:2)
  8 ugly things
  4 cyclopes
  4 manticores
  5 elephants
  5 centaur zombies
  2 merfolk sirens (Shoals:1)
  Joseph (D:7)
  A rust devil (Orc:2)
  An orange demon (Orc:2)
  4 black mambas
  4 torpor snails
  2 ice statues (IceCv)
  2 water nymphs (Shoals:1)
  A gargoyle (D:11)
  8 spiny frogs
  A kobold demonologist (D:15)
  2 efreet (D:15)
  6 demonic crawlers (D:13)
  2 minotaur zombies (Lab)
  4 rime drakes
  5 komodo dragons
  A hellwing (Orc:2)
  A tengu conjurer (D:15)
  5 merfolk (Shoals:1)
  8 trolls
  Prince Ribbit (D:6)
  A wind drake (Shoals:1)
  10 polar bears
  5 blink frogs
  Grinder (D:6)
  3 slime creatures (D:12)
  The ghost of Kaname the Conjurer, an amateur DsWz of Gozag (D:4)
  A hippogriff (shapeshifter) (D:15)
  5 dream sheep
  A snapping turtle (Shoals:1)
  12 hippogriffs
  2 wyverns
  Eustachio (D:6)
  34 yaks
  A vampire (D:14)
  A water elemental (Shoals:1)
  A wraith (D:13)
  4 basilisks
  3 fire elementals (D:14)
  15 humans (D:13)
  A hungry ghost (D:8)
  3 vampire mosquitoes (D:13)
  2 nagas (Lair:3)
  An acid dragon (D:13)
  6 wargs
  A hell hound (D:14)
  12 water moccasins
  7 porcupines
  A hornet zombie (D:13)
  3 ice beasts
  37 orc warriors
  2 elephant zombies (Lair:3)
  6 sky beasts
  3 black bears
  2 phantoms
  11 wolves
  An eye of draining (D:15)
  10 ogres
  11 centaurs
  18 crocodiles
  A big kobold (D:8)
  Blork the orc (D:4)
  18 bullfrogs
  A gnoll sergeant (D:6)
  2 wyvern zombies
  A wyvern skeleton (D:9)
  5 scorpions
  4 killer bees
  9 wights
  6 electric eels
  10 crimson imps
  4 howler monkeys
  8 hounds
  A quasit (D:10)
  10 centaur skeletons
  16 jellies
  22 orc priests
  3 bullfrog skeletons
  20 orc wizards
  5 iguanas
  4 hell rats (Lair:4)
  21 worker ants
  A killer bee zombie (D:5)
  2 crocodile zombies (Lair:3)
  A hound skeleton (D:4)
  A worker ant zombie (D:7)
  14 gnolls
  2 howler monkey skeletons
  10 adders
  2 shadow imps
  13 oozes
  4 worms
  3 dart slugs (D:2)
  7 leopard geckos
  74 orcs
  10 bats
  6 giant cockroaches
  9 hobgoblins
  3 jackals (D:1)
  8 kobolds
  5 quokkas
  A ball python (D:5)
  9 frilled lizards
  8 goblins
  A quokka skeleton (D:5)
  12 rats
  7 fungi
  3 plants
  2 tentacles (Shoals:1)
789 creatures vanquished.

Vanquished Creatures (collateral kills)
  A stone giant (Orc:2)
  4 hydras
  A centaur warrior (D:15)
  An ogre mage (D:15)
  4 death yaks
  2 two-headed ogres
  The ghost of Flugkiller the Zephyrmancer, a novice DrAE of Sif Muna (D:8)
  2 orc high priests (Orc:2)
  A sun demon (Orc:2)
  2 lindwurms (Lair:6)
  An orc sorcerer (Orc:2)
  3 manticores
  4 ugly things
  A black mamba (Lair:3)
  3 elephants (Lair:6)
  A smoke demon (Orc:2)
  2 rime drakes (Lair:6)
  A spiny frog (Lair:5)
  A komodo dragon (Lair:1)
  An ice devil (Orc:2)
  A merfolk (D:9)
  2 polar bears (IceCv)
  A hornet (D:10)
  3 blink frogs
  4 hippogriffs
  3 dream sheep (Lair:6)
  A snapping turtle (Shoals:1)
  10 yaks
  A human (D:14)
  A basilisk (Lair:6)
  A hungry ghost (D:11)
  A warg (Orc:2)
  A porcupine (Lair:3)
  4 orc warriors (Orc:2)
  An ogre (D:6)
  3 wolves
  A crocodile (Lair:6)
  A bullfrog (Lair:3)
  4 scorpions
  3 killer bees
  3 wights (D:9)
  An orc wizard (D:4)
  A worker ant (D:6)
  2 gnolls (D:6)
  A shadow imp (D:9)
  A leopard gecko (D:4)
  An orc (D:15)
  A giant cockroach (D:5)
  A frilled lizard (D:4)
96 creatures vanquished.

Vanquished Creatures (others)
  A basilisk (D:15)
  8 fungi
  8 plants
  3 tentacles (Shoals:1)
20 creatures vanquished.

Grand Total: 905 creatures vanquished

Notes
Turn   | Place    | Note
-------+----------+-------------------------------------------
     0 | D:1      | Infinimo the Demonspawn Berserker began the quest for the Orb.
     0 | D:1      | Reached XP level 1. HP: 18/18 MP: 1/1
    31 | D:1      | You fall through a shaft!
   100 | D:2      | Reached skill level 3 in Axes
   182 | D:2      | Gained mutation: You have sharp toenails. [demonic ancestry]
   182 | D:2      | Reached XP level 2. HP: 18/24 MP: 2/2
   368 | D:2      | Found an iron altar of Okawaru.
   400 | D:2      | Gained mutation: You are partially covered in iridescent scales. (AC +2) [demonic ancestry]
   400 | D:2      | Reached XP level 3. HP: 21/29 MP: 3/3
   608 | D:1      | Reached skill level 4 in Axes
   792 | D:1      | Reached ** piety under Trog
  1208 | D:1      | Gained mutation: You sometimes gain a little power by taking damage. [demonic ancestry]
  1208 | D:1      | Reached XP level 4. HP: 35/35 MP: 4/4
  1526 | D:2      | Reached skill level 5 in Axes
  1531 | D:2      | Gained mutation: You are mostly covered in iridescent scales. (AC +4) [demonic ancestry]
  1531 | D:2      | Reached XP level 5. HP: 41/41 MP: 5/5
  2057 | D:3      | Reached *** piety under Trog
  2275 | D:3      | Reached skill level 6 in Axes
  2314 | D:3      | Found a shadowy altar of Dithmenos.
  2364 | D:3      | Gained mutation: A weak demonic guardian rushes to your aid. [demonic ancestry]
  2364 | D:3      | Reached XP level 6. HP: 47/47 MP: 6/6
  2404 | D:3      | Found a sacrificial altar of Ru.
  2619 | D:4      | Found a hide-covered altar of Uskayaw.
  2649 | D:4      | Reached skill level 7 in Axes
  2652 | D:4      | Noticed Blork the orc
  2652 | D:4      | Found an opulent altar of Gozag.
  2664 | D:4      | Killed Blork the orc
  2665 | D:4      | Reached XP level 7. HP: 33/52 MP: 7/7
  2671 | D:4      | Noticed Kaname's ghost (amateur DsWz)
  2802 | D:4      | Killed Kaname's ghost
  2852 | D:4      | Reached skill level 8 in Axes
  3019 | D:4      | Reached **** piety under Trog
  3080 | D:4      | Found a shimmering altar of Xom.
  3081 | D:4      | Found a burning altar of Makhleb.
  3309 | D:5      | Entered Level 5 of the Dungeon
  3362 | D:5      | Found a stormy altar of Qazlal.
  3569 | D:5      | Reached skill level 9 in Axes
  3569 | D:5      | Reached XP level 8. HP: 57/58 MP: 8/8
  3961 | D:6      | Found a sparkling altar of Nemelex Xobeh.
  4145 | D:6      | Noticed Grinder
  4155 | D:6      | Killed Grinder
  4155 | D:6      | Reached skill level 10 in Axes
  4215 | D:6      | Noticed Eustachio
  4228 | D:6      | Killed Eustachio
  4336 | D:6      | Found a burning altar of Makhleb.
  4336 | D:6      | Noticed an Executioner
  4339 | D:6      | Noticed a smoke demon
  4350 | D:6      | Reached skill level 11 in Axes
  4401 | D:6      | Gained mutation: A demonic guardian rushes to your aid. [demonic ancestry]
  4401 | D:6      | Reached XP level 9. HP: 61/63 MP: 9/9
  4485 | D:6      | Found a staircase to the Ecumenical Temple.
  4486 | D:6      | Noticed Prince Ribbit
  4496 | D:6      | Killed Prince Ribbit
  4499 | D:6      | Reached ***** piety under Trog
  4874 | D:7      | Received a gift from Trog
  4900 | D:7      | Found a hazy altar of Hepliaklqana.
  4933 | D:7      | Reached skill level 12 in Axes
  5189 | D:7      | Noticed Joseph
  5346 | D:7      | Killed Joseph
  5601 | D:7      | Found a glowing golden altar of the Shining One.
  5639 | D:7      | Found a glowing silver altar of Zin.
  5706 | D:8      | Gained mutation: You sometimes gain power by taking damage. [demonic ancestry]
  5706 | D:8      | Reached XP level 10. HP: 72/72 MP: 10/10
  5916 | D:8      | Noticed Flugkiller's ghost (novice DrAE)
  5930 | D:8      | Killed Flugkiller's ghost
  6114 | D:8      | Received a gift from Trog
  6246 | D:8      | Noticed a two-headed ogre
  6251 | D:8      | Killed a two-headed ogre
  6251 | D:8      | Reached skill level 5 in Fighting
  6251 | D:8      | Reached skill level 13 in Axes
  6296 | D:8      | Found a snail-covered altar of Cheibriados.
  6829 | D:9      | Reached skill level 5 in Armour
  7424 | D:10     | Entered Level 10 of the Dungeon
  7595 | D:10     | Reached XP level 11. HP: 81/81 MP: 11/11
  7828 | D:10     | Found a sacrificial altar of Ru.
  7888 | D:10     | Killed an unseen horror
  8466 | D:11     | Reached skill level 14 in Axes
  8537 | D:11     | Noticed Gastronok
  8549 | D:11     | Killed Gastronok
  8580 | D:11     | Received a gift from Trog
  8914 | D:11     | Killed an unseen horror
  9062 | D:11     | Found a staircase to the Lair.
  9308 | Lair:1   | Entered Level 1 of the Lair of Beasts
  9408 | Lair:1   | Found a labyrinth entrance.
  9417 | Lab      | Entered a labyrinth
 10157 | Lab      | Noticed a minotaur
 10172 | Lab      | Killed a minotaur
 10172 | Lab      | Reached XP level 12. HP: 92/92 MP: 12/12
 10303 | Lab      | Got a bone mace
 10303 | Lab      | Got a creamy pearl robe
 10449 | Lair:1   | Identified the +8 mace of the Lame Duck {holy, MP+9} (You found it in a labyrinth)
 10461 | Lair:1   | Identified the cursed +1 robe "Foqoub" {-Tele Str+3 Slay+2} (You found it in a labyrinth)
 10579 | Lair:1   | Noticed a seven-headed hydra
 10591 | Lair:1   | Killed an 11-headed hydra
 10591 | Lair:1   | Reached skill level 15 in Axes
 11837 | Lair:2   | Received a gift from Trog
 12395 | Lair:3   | Noticed an eight-headed hydra
 12411 | Lair:3   | Killed an eight-headed hydra
 12416 | Lair:3   | Found a staircase to the Shoals.
 12697 | Lair:3   | Noticed a death yak
 12709 | Lair:3   | Noticed a death yak
 12710 | Lair:3   | Noticed a death yak
 12711 | Lair:3   | Killed a death yak
 12716 | Lair:3   | Killed a death yak
 12719 | Lair:3   | Killed a death yak
 12921 | Lair:3   | Found a staircase to the Snake Pit.
 13418 | Lair:3   | Received a gift from Trog
 14251 | Lair:4   | Found a frozen archway.
 14320 | IceCv    | Entered an ice cave
 14327 | IceCv    | Gained mutation: You have razor-sharp toenails. [demonic ancestry]
 14327 | IceCv    | Reached XP level 13. HP: 87/102 MP: 13/13
 14329 | IceCv    | Reached skill level 16 in Axes
 15154 | IceCv    | Reached skill level 10 in Fighting
 15405 | IceCv    | Noticed a white draconian
 15425 | IceCv    | Killed a white draconian
 15713 | IceCv    | Got a brightly glowing great sword
 15742 | IceCv    | Identified the +11 great sword "Keorink" {slice, *Corrode rPois Dex+4} (You found it in an ice cave)
 17030 | Lair:5   | Received a gift from Trog
 17130 | Lair:5   | Found a snail-covered altar of Cheibriados.
 17652 | Lair:5   | Got an opalescent robe
 17663 | Lair:5   | Identified the +0 robe "Zaum" {MP+9 Int+2 Slay-5} (You found it on level 5 of the Lair of Beasts)
 17688 | Lair:6   | Entered Level 6 of the Lair of Beasts
 18265 | Lair:6   | Reached skill level 17 in Axes
 18357 | Lair:6   | Noticed Rupert
 18367 | Lair:6   | Killed Rupert
 18528 | Lair:6   | Reached skill level 10 in Armour
 18594 | Lair:6   | Reached XP level 14. HP: 104/113 MP: 14/14
 18628 | Lair:6   | Found a hazy altar of Hepliaklqana.
 18720 | Lair:6   | Found a staircase to the Slime Pits.
 18721 | Lair:6   | Found a viscous altar of Jiyva.
 19674 | Lair:6   | Got a distressingly furry chain mail
 19685 | Lair:6   | Identified the +6 chain mail of Gallantry {Dex+6 Slay-5 SInv} (You found it on level 6 of the Lair of Beasts)
 19863 | D:12     | Found Tinleech's Magic Scroll Shoppe.
 19877 | D:12     | Found a staircase to the Orcish Mines.
 20431 | D:13     | Noticed Nessos
 20437 | D:13     | Killed Nessos
 20630 | D:13     | Reached ****** piety under Trog
 20718 | D:13     | Received a gift from Trog
 21134 | D:14     | Found a gate to the Vaults.
 21134 | D:14     | Noticed Urug
 21144 | D:13     | Reached skill level 18 in Axes
 21561 | D:14     | Killed Urug
 21917 | D:14     | Noticed Azrael
 21939 | D:14     | Killed Azrael
 22004 | D:14     | Reached XP level 15. HP: 102/121 MP: 15/15
 22691 | Orc:1    | Entered Level 1 of the Orcish Mines
 22696 | Orc:1    | Received a gift from Trog
 22926 | Orc:1    | Found Xushreg's Distillery.
 23066 | Orc:2    | Entered Level 2 of the Orcish Mines
 23090 | Orc:2    | Noticed an orc warlord
 23103 | Orc:2    | Killed an orc warlord
 23470 | Orc:2    | Found a staircase to the Elven Halls.
 23811 | Orc:2    | Found Vumnifuo's Distillery.
 23818 | Orc:2    | Found Jeanorhu's Magic Scroll Emporium.
 23853 | Orc:2    | Received a gift from Trog
 24199 | Orc:2    | Bought a scroll of acquirement for 676 gold pieces
 24998 | Orc:2    | Found Reonk's Gadget Boutique.
 24998 | Orc:2    | Found Ubauph's Antique Armour Shop.
 24999 | Orc:2    | Found a one-way gate leading to the halls of Pandemonium.
 25006 | Orc:2    | Reached skill level 19 in Axes
 25015 | Orc:2    | Bought an amethyst-encrusted leather armour for 224 gold pieces
 25015 | Orc:2    | Bought a glowing scarf for 256 gold pieces
 25015 | Orc:2    | Bought a translucent scale mail for 288 gold pieces
 25097 | Orc:2    | Identified the +0 leather armour of Odwowar {Str+2} (You bought it in a shop on level 2 of the Orcish Mines)
 25107 | Orc:2    | Identified the +4 scale mail of Useil {rPois MR- Str+7 Stlth+} (You bought it in a shop on level 2 of the Orcish Mines)
 25228 | D:15     | Entered Level 15 of the Dungeon
 25474 | D:15     | Received a gift from Trog
 26588 | D:15     | Gained mutation: You are completely covered in iridescent scales. (AC +6) [demonic ancestry]
 26588 | D:15     | Reached XP level 16. HP: 131/131 MP: 16/16
 26862 | D:15     | Found a staircase to the Depths.
 27291 | Shoals:1 | Entered Level 1 of the Shoals
 27382 | Shoals:1 | Found a snail-covered altar of Cheibriados.
 27387 | Shoals:1 | Noticed a kraken
 27400 | Shoals:1 | Killed a kraken
 27797 | Shoals:1 | Found Juadoat's Gadget Shoppe.
 27907 | Shoals:1 | Found Fuoneis's Weapon Shop.
 27917 | Shoals:1 | Received a gift from Trog
 27976 | Shoals:1 | Found Jilizog's Armour Shop.
 27992 | Shoals:1 | HP: 5/196 [merfolk impaler/demon trident of electrocution (20)]
 27994 | Shoals:1 | HP: 1/198 [poisoned by a sea snake]
 27995 | Shoals:1 | Succumbed to a sea snake's poison

Vault maps used:
D:1:      dpeg_arrival_arbitrary_a
D:2:      okawaru_metal_pillars_1_2
D:3:      lemuel_round_altar, marbit_many_paths, first_ration
D:4:      grunt_temple_overflow_champion_of_chaos, grunt_gozag_statues,
          eat_drink_and_be_merry_uskayaw, serial_bayou_lagoon_a,
          uniq_blork_the_orc
D:5:      minmay_diamond_boxcup, grunt_qazlal_sundering
D:6:      old_standard_altar, temple_fountains, makhleb_altar_promises_db,
          uniq_grinder, uniq_eustachio, uniq_prince_ribbit1
D:7:      overflow_temple_1_default, kennysheep_mini, tso_oasis_becter,
          corexii_item_surrounded_by_moat, uniq_joseph
D:8:      slow_altar_1
D:9:      hangedman_fish_farm
D:10:     basic_altar
D:11:     lair_entry_dummy, uniq_gastronok
D:12:     serial_shops, shop, minmay_misc_feat_plants
D:13:     minivault_14, spider_trap, einodemon_crawler_minivault, uniq_nessos
D:14:     david_vaults_3, minivault_27, uniq_azrael
D:15:     grunt_enter_depths_snipers, grunt_decor_cap
Lair:1:   lemuel_slime, lab_entry_generic, serial_bayou_shore_a,
          grunt_megastairs_1
Lair:2:   small_statue_intersection, columned_hall_lemuel
Lair:3:   pond_and_an_island_with_a_cottage, minmay_shoals_entry_beasts,
          guppyfry_snake_entry_island, nicolae_lair_grove_arrangements
Lair:4:   portal_ice_cave_rime
Lair:5:   kennysheep_snail_temple
Lair:6:   hangedman_lair_in_review, slime_altar_1, lemuel_oklob_altar,
          grunt_megastairs_2, uniq_rupert
Shoals:1: serial_shops, nicolae_shop_trees, shop, nicolae_shop_crystal,
          nicolae_shop_competitors_out_of_business,
          nicolae_shoals_stone_sculpture_thing, wheals_shoals_ruined_temple
Orc:1:    serial_shops, nicolae_shop_trees, mines2_david
Orc:2:    pf_orc_diabolical
Lab:      labyrinth_hidden_loot
IceCv:    ice_cave_small_giant

Skill      XL: |  1  2  3  4  5  6  7  8  9 10 11 12 13 14 15 |
---------------+----------------------------------------------+-----
Axes           | 3 4 5 6 7 9 11 12 13 14 15 17 18 19 | 19.6
Armour         | 3 5 7 8 10 11 12 | 12.5
Fighting       | 4 6 8 9 11 12 13 | 13.6
Dodging        | |  1.7

Action                   |  1- 3 |  4- 6 |  7- 9 | 10-12 | 13-15 | 16-18 || total
-------------------------+-------+-------+-------+-------+-------+-------++-------
Melee: Hand axe          |   106 |   138 |    86 |       |       |       ||   330
       Kick              |    18 |    38 |    96 |   188 |   372 |    44 ||   756
       War axe           |       |       |   245 |   281 |       |       ||   526
       Battleaxe         |       |       |       |   289 |  1026 |   122 ||  1437
Invok: Berserk           |     2 |     6 |     7 |    17 |    20 |     4 ||    56
       Brothers in Arms  |       |       |       |     1 |     2 |       ||     3
  Use: Scroll            |       |       |    10 |    18 |     9 |     4 ||    41
       Potion            |       |       |       |     1 |     5 |       ||     6
 Stab: Sleeping          |     1 |       |       |       |       |       ||     1
       Distracted        |       |     1 |     2 |     4 |     6 |     1 ||    14
  Eat: Chunk             |     3 |     9 |    13 |    22 |    44 |     5 ||    96
       Ration            |       |       |     1 |     8 |     4 |     1 ||    14
Armor: Ring mail         |    24 |     4 |       |       |       |       ||    28
       Animal skin       |     8 |       |       |       |       |       ||     8
       Plate armour      |       |    92 |   215 |   459 |   759 |    70 ||  1595
Dodge: Dodged            |    74 |    43 |    83 |   196 |   325 |    39 ||   760
       Deflected         |       |       |       |       |     6 |     5 ||    11
Block: Other             |       |       |       |    34 |   168 |    17 ||   219
       Reflection        |       |       |       |     1 |    14 |     4 ||    19

Table legend:
 A = Spawn XP
 B = Non-spawn XP
 C = Spawn XP percentage of total XP
 D = Spawn monster count
 E = Non-spawn monster count
 F = Spawn count percentage of total count
 G = Total turns spent on level
                    A         B        C        D         E        F      G
               +---------+---------+-------+---------+---------+-------+---------
         Total |       0 |  170468 |   0.0 |       0 |     873 |   0.0 | 27995
               +---------+---------+-------+---------+---------+-------+---------
           D:1 |       0 |      56 |   0.0 |       0 |      34 |   0.0 |   970
           D:2 |       0 |     183 |   0.0 |       0 |      35 |   0.0 |  1035
           D:3 |       0 |     193 |   0.0 |       0 |      22 |   0.0 |   669
           D:4 |       0 |     759 |   0.0 |       0 |      29 |   0.0 |   635
           D:5 |       0 |     429 |   0.0 |       0 |      18 |   0.0 |   578
           D:6 |       0 |    1878 |   0.0 |       0 |      37 |   0.0 |   960
           D:7 |       0 |    1783 |   0.0 |       0 |      27 |   0.0 |   850
           D:8 |       0 |    2753 |   0.0 |       0 |      27 |   0.0 |   908
           D:9 |       0 |    2401 |   0.0 |       0 |      41 |   0.0 |   821
          D:10 |       0 |    1821 |   0.0 |       0 |      14 |   0.0 |   849
          D:11 |       0 |    7908 |   0.0 |       0 |      33 |   0.0 |  1075
          D:12 |       0 |    4285 |   0.0 |       0 |      22 |   0.0 |   412
          D:13 |       0 |   14261 |   0.0 |       0 |      53 |   0.0 |  1396
          D:14 |       0 |   14392 |   0.0 |       0 |      35 |   0.0 |  1139
          D:15 |       0 |   22413 |   0.0 |       0 |      52 |   0.0 |  1911
        Lair:1 |       0 |    5615 |   0.0 |       0 |      43 |   0.0 |  1328
        Lair:2 |       0 |    1653 |   0.0 |       0 |       9 |   0.0 |   772
        Lair:3 |       0 |    7445 |   0.0 |       0 |      33 |   0.0 |  1829
        Lair:4 |       0 |    4399 |   0.0 |       0 |      25 |   0.0 |  1215
        Lair:5 |       0 |    7226 |   0.0 |       0 |      30 |   0.0 |  1361
        Lair:6 |       0 |   20523 |   0.0 |       0 |      60 |   0.0 |  1581
      Shoals:1 |       0 |   12033 |   0.0 |       0 |      22 |   0.0 |   704
         Orc:1 |       0 |    3029 |   0.0 |       0 |      34 |   0.0 |   402
         Orc:2 |       0 |   22749 |   0.0 |       0 |      99 |   0.0 |  2075
           Lab |       0 |    1863 |   0.0 |       0 |       3 |   0.0 |  1029
         IceCv |       0 |    8418 |   0.0 |       0 |      36 |   0.0 |  1491
               +---------+---------+-------+---------+---------+-------+---------
